 Dungeon Crawl Stone Soup version 0.20-a0-848-g73d9be0 (webtiles) character file.

280 krabocopter the Skirmisher (level 6, -6/51 HPs)
             Began as a Demonspawn Gladiator on Mar 9, 2017.
             Mangled by an ogre
             ... wielding a +0 giant club
              (9 damage)
             ... on level 5 of the Dungeon.
             The game lasted 00:07:04 (2203 turns).

krabocopter the Skirmisher (Demonspawn Gladiator)   Turns: 2203, Time: 00:07:05

Health: -6/51      AC: 10    Str: 22 (23) XL:     6   Next: 5%
Magic:  5/5        EV: 22    Int:  9 (10) God:
Gold:   147        SH:  0    Dex: 17 (19) Spells: 5/5 levels left

rFire    + . .     SeeInvis .   a - +0 flail
rCold    . . .     Gourm    .   k - +2 ring mail {rF+}
rNeg     . . .     Faith    .   (no shield)
rPois    .         Spirit   .   (helmet restricted)
rElec    .         Reflect  .   (no cloak)
rCorr    .         Harm     .   (no gloves)
MR       .....                  j - +0 pair of boots
Stlth    ++........             (no amulet)
Regen    0.2/turn               (no ring)
MPRegen  0.1/turn               h - +4 ring of evasion

@: mighty, agile
A: horns 2, talons 1, thin metallic scales 1, low mp 1, powered by pain 1,
strong 1
a: no special abilities


You were on level 5 of the Dungeon.
You were not hungry.

You visited 1 branch of the dungeon, and saw 4 of its levels.

You collected 147 gold pieces.

Inventory:

Hand Weapons
 a - a +0 flail (weapon)
Missiles
 d - 3 throwing nets (quivered)
Armour
 j - a +0 pair of boots (worn)
 k - a +2 ring mail of fire resistance (worn)
Jewellery
 h - a +4 ring of evasion (left hand)
 s - a +5 ring of slaying {unknown}
Scrolls
 e - 2 scrolls of random uselessness
 i - a scroll of remove curse {unknown}
 l - 2 scrolls of identify
 o - a scroll of fog {unknown}
 u - a scroll of recharging {unknown}
Potions
 m - a potion of brilliance
 v - a potion of degeneration
Comestibles
 f - 2 bread rations
 q - a royal jelly


   Skills:
 * Level 5.1 Fighting
 - Level 2.6 Maces & Flails
 - Level 1.7 Throwing
 + Level 2.4 Armour
 - Level 3.3 Dodging


You had 5 spell levels left.
You didn't know any spells.

Dungeon Overview and Level Annotations

Branches:
Dungeon (3/15)

Altars:
Gozag


Innate Abilities, Weirdness & Mutations

You have a pair of horns on your head.
You are partially covered in thin metallic scales. (AC +2)
You sometimes gain a little power by taking damage.
You have sharp toenails.
Your magical capacity is low. (-10% MP)
Your muscles are strong. (Str +2)


Message History

You feel agile all of a sudden.
You take 16 damage, and have 24/51 hp.
MASSIVE DAMAGE!!
It was a potion of might.
You feel very mighty all of a sudden. The ogre barely misses you.
The ice beast hits you but does no damage.
You thump the ogre! The ogre hits you with a giant club!
* * * LOW HITPOINT WARNING * * *
The ice beast completely misses you.
You take 13 damage, and have 11/51 hp.
MASSIVE DAMAGE!!
You hit the ogre. The ogre completely misses you. The ice beast misses you.
You barely miss the ogre.
The ice beast hits you but does no damage.
The ogre completely misses you. The ice beast hits you.
* * * LOW HITPOINT WARNING * * *
The ice beast freezes you!
* * * LOW HITPOINT WARNING * * *
You take 8 damage, and have 3/51 hp.
You hit the ogre. The ogre hits you with a giant club!
You die...

... #.# #.# #.#
#$# #.# #O# #@#
#Y# #g# #.#
################.#
............(g)..#
####.#############
#.# #.#


You could see an ice beast (inner flame), an ogre (inner flame) and a gnoll
(inner flame).

Vanquished Creatures
  A phantom (D:5)
  3 orc priests (D:5)
  2 oozes
  An adder zombie (D:5)
  An adder skeleton (D:5)
  2 worms
  A dart slug (D:2)
  3 leopard geckos (D:2)
  10 orcs
  2 giant cockroaches (D:5)
  4 goblins (D:1)
  4 hobgoblins
  3 jackals (D:2)
  8 kobolds
  2 quokkas
  4 bats
  3 frilled lizards
  10 rats
64 creatures vanquished.

Notes
Turn   | Place    | Note
-------+----------+-------------------------------------------
     0 | D:1      | krabocopter the Demonspawn Gladiator began the quest for the Orb.
     0 | D:1      | Reached XP level 1. HP: 16/16 MP: 1/1
   211 | D:1      | Gained mutation: You have a pair of small horns on your head. [demonic ancestry]
   211 | D:1      | Reached XP level 2. HP: 22/23 MP: 2/2
   629 | D:2      | Gained mutation: You have a pair of horns on your head. [demonic ancestry]
   629 | D:2      | Reached XP level 3. HP: 22/28 MP: 3/3
   890 | D:2      | Reached skill level 3 in Fighting
  1582 | D:3      | You fall through a shaft for 2 floors!
  1582 | D:5      | Entered Level 5 of the Dungeon
  1627 | D:5      | Noticed a phantom
  1632 | D:5      | Gained mutation: You are partially covered in thin metallic scales. (AC +2) [demonic ancestry]
  1632 | D:5      | Reached XP level 4. HP: 35/35 MP: 4/4
  1638 | D:5      | Reached skill level 1 in Armour
  1650 | D:5      | Killed a phantom
  1650 | D:5      | Reached skill level 4 in Fighting
  1650 | D:5      | Gained mutation: You sometimes gain a little power by taking damage. [demonic ancestry]
  1650 | D:5      | Reached XP level 5. HP: 18/43 MP: 5/5
  1914 | D:5      | Reached skill level 5 in Fighting
  1952 | D:5      | Reached XP level 6. HP: 38/51 MP: 6/6
  2029 | D:5      | Noticed an ice beast
  2128 | D:5      | Found an opulent altar of Gozag.
  2156 | D:5      | Gained mutation: Your magical capacity is low. (-10% MP) [potion of mutation]
  2156 | D:5      | Gained mutation: You have sharp toenails. [potion of mutation]
  2156 | D:5      | Gained mutation: Your muscles are strong. (Str +2) [potion of mutation]
  2203 | D:5      | Mangled by an ogre

Vault maps used:
D:1:      dpeg_arrival_erosion
D:2:      first_bread
D:5:      grunt_gozag_statues

Skill      XL: |  1  2  3  4  5 |
---------------+----------------+-----
Dodging        | 3 |  3.3
Fighting       | 3 4 5 |  5.1
Armour         | 2 |  2.4
Maces & Flails | |  2.6
Throwing       | |  1.7

Action                   |  1- 3 |  4- 6 || total
-------------------------+-------+-------++-------
Melee: Flail             |   100 |    79 ||   179
       Headbutt          |    14 |    19 ||    33
  Use: Potion            |       |     7 ||     7
       Scroll            |       |     2 ||     2
  Eat: Chunk             |     2 |     2 ||     4
Armor: Leather armour    |    13 |       ||    13
       Ring mail         |     7 |    26 ||    33
Dodge: Dodged            |    86 |    84 ||   170
